 Dungeon Crawl Stone Soup version 0.13.0-25-g43d4df3 (webtiles) character file.

191 Mathinus the Skirmisher (level 4, -3/40 HPs)
             Began as a Hill Orc Fighter on Oct 29, 2013.
             Killed by divine providence
             ... invoked by an orc priest
              (12 damage)
             ... on Level 3 of the Dungeon.
             The game lasted 00:12:31 (1744 turns).

Mathinus the Skirmisher (Hill Orc Fighter)          Turns: 1744, Time: 00:12:31

HP  -3/40        AC  9     Str 19      XL: 4   Next: 45%
MP   3/3         EV  8     Int  8      God:
Gold 107         SH 19     Dex 10      Spells:  0 memorised,  3 levels left

Res.Fire  : . . .   See Invis. : .   a - +0 orc hand axe {=f}
Res.Cold  : . . .   Warding    : .   f - +3 dwarf ring mail
Life Prot.: . . .   Conserve   : .   c - +0 orc shield
Res.Poison: .       Res.Corr.  : .   (no helmet)
Res.Elec. : .       Clarity    : .   (no cloak)
Sust.Abil.: . .     Spirit.Shd : .   (no gloves)
Res.Mut.  : .       Stasis     : .   (no boots)
Res.Rott. : .       Flight     : .   (no amulet)
Saprovore : + . .                    (no ring)
                                     (no ring)

@: slightly resistant to hostile enchantments, extremely unstealthy
A: saprovore 1
a: Convert to Beogh


You were on level 3 of the Dungeon.
You were not hungry.

You visited 1 branch of the dungeon, and saw 3 of its levels.

You collected 87 gold pieces.

Inventory:

Hand weapons
 a - a +0,+0 orcish hand axe (weapon) {=f}
 n - a +0,+0 hand axe (quivered)
 s - a +2,+0 sling of flame
Armour
 c - a +0 orcish shield (worn)
 f - a +3 dwarven ring mail (worn)
Comestibles
 d - 2 meat rations
 j - 2 bread rations
 p - a chunk of bat flesh
Scrolls
 e - a scroll of curse weapon {unknown}
 g - 3 scrolls of remove curse {unknown}
 h - 4 scrolls of identify {unknown}
 l - a scroll of random uselessness {unknown}
 q - 2 scrolls of blinking {unknown}
 r - a scroll of teleportation {unknown}
Potions
 b - a potion of mutation {unknown}
 i - a potion of restore abilities
 k - 4 potions of curing
 m - a potion of speed {unknown}
 o - a potion of confusion {unknown}
 t - a potion of invisibility {unknown}


   Skills:
 + Level 4.2 Fighting
 + Level 3.3 Axes
 + Level 4.0 Armour
 + Level 0.8 Dodging
 + Level 4.1 Shields


You had 3 spell levels left.
You didn't know any spells.

Dungeon Overview and Level Annotations

Branches:
Dungeon (3/27)

Altars:
Trog


Innate Abilities, Weirdness & Mutations

You can tolerate rotten meat.


Message History

* * * LOW HITPOINT WARNING * * *
You slash the orc!
You kill the orc!
Your Armour skill increases to level 4!
You block the orc priest's attack.
Drink which item? (? for menu, Esc to quit)
You feel refreshed.
It was a potion of restore abilities.
The orc priest closely misses you.
An orc priest is nearby!
You closely miss the orc priest.
The orc priest calls down the wrath of Beogh upon you.
Something smites you!
* * * LOW HITPOINT WARNING * * *
Drink which item? (? for menu, Esc to quit)
You feel better.
It was a potion of curing.
The orc priest closely misses you.
You hit the orc priest.
The orc priest is moderately wounded.
The orc priest calls down the wrath of Beogh upon you.
Something smites you!
You die...

#...# ########'##
#.### #.......#
#'###### ##'#######
.......######.......#
.......##...'.......#
.......'..###.......#
.......#### #.......+
)......# #.......#
#'###### #[.)@)..#
#.# ####o#### #.# #.#
..# #..# .## #.##
###### #. ...... ..
...... >.. ...... ...


You could see an orc priest.

Vanquished Creatures
  4 adders
  5 orcs (D:3)
  5 ball pythons
  2 bats
  3 goblins
  6 hobgoblins
  3 jackals (D:2)
  5 giant cockroaches
  3 giant newts
  5 kobolds
  5 rats
46 creatures vanquished.

Notes
Turn   | Place    | Note
--------------------------------------------------------------
     0 | D:1      | Mathinus, the Hill Orc Fighter, began the quest for the Orb.
     0 | D:1      | Reached XP level 1. HP: 19/19 MP: 0/0
   559 | D:1      | Reached XP level 2. HP: 23/26 MP: 1/1
   885 | D:2      | Found a bloodstained altar of Trog.
   969 | D:2      | Reached XP level 3. HP: 33/33 MP: 2/2
  1008 | D:2      | Reached skill level 4 in Fighting
  1318 | D:2      | Reached XP level 4. HP: 38/40 MP: 3/3
  1744 | D:3      | Killed from afar by an orc priest

Action                   |  1- 3 |  4- 6 || total
-------------------------+-------+-------++-------
Melee: Hand axe          |    95 |    63 ||   158
  Use: Potion            |       |     2 ||     2
